 Dungeon Crawl Stone Soup version 0.28-a0-1236-gb25a51b929 (webtiles) character file.

Game seed: 18184043794884308226

17 croobank the Gusty (level 2, -1/20 HPs)
             Began as a Hill Orc Air Elementalist on Dec 25, 2021.
             Slain by a jackal (2 damage)
             ... on level 1 of the Dungeon.
             The game lasted 00:04:11 (783 turns).

croobank the Gusty (Hill Orc Air Elementalist)       Turns: 783, Time: 00:04:11

Health: -1/20      AC:  2    Str: 10    XL:     2   Next: 62%
Magic:  0/4        EV: 12    Int: 15    God:
Gold:   25         SH:  0    Dex: 11    Spells: 3/4 levels left

rFire   . . .      SeeInvis .   b - +0 short sword
rCold   . . .      Faith    .   (no shield)
rNeg    . . .      Spirit   .   a - +0 robe
rPois   .          Reflect  .   (no helmet)
rElec   .          Harm     .   (no cloak)
rCorr   .          Rampage  .   (no gloves)
Will    .....                   (no boots)
Stlth   ++........              (no amulet)
HPRegen 0.06/turn               (no ring)
MPRegen 0.09/turn               (no ring)

@: no status effects
A: no striking features
a: no special abilities


You were on level 1 of the Dungeon.
You visited 1 branch of the dungeon, and saw 1 of its levels.

You collected 25 gold pieces.

Inventory:

Hand Weapons
 b - a +0 short sword (weapon)
Missiles
 c - 61 stones
Armour
 a - a +0 robe (worn)


   Skills:
 + Level 1.8 Dodging
 + Level 1.8 Stealth
 + Level 1.7 Spellcasting
 + Level 1.3 Conjurations
 + Level 2.5 Air Magic


You had 3 spell levels left.
You knew the following spells:

 Your Spells              Type           Power      Damage    Failure   Level
a - Shock                 Conj/Air       28%        1d4       11%         1

Your spell library contained the following spells:

 Spells                   Type           Power      Damage    Failure   Level
 Static Discharge         Conj/Air       7%         N/A       16%         2
 Summon Small Mammal      Summ           4%         N/A       22%         1
 Swiftness                Air            9%         N/A       24%         3
 Airstrike                Air            4%         N/A       61%         4


Dungeon Overview and Level Annotations

Branches:
Dungeon (1/15)

Altars:


Message History

The bat is severely wounded.
The zap hits the bat.
You kill the bat!
The zap hits the jackal.
The jackal is lightly wounded.
A jackal comes into view.
Okay, then.
Casting: Shock (safe; 11% risk of failure)
Confirm with . or Enter, or press ? or * to list all spells.
You don't have enough magic to cast this spell.
The jackal closely misses you. x2
You hit the jackal.
The jackal is moderately wounded.
The jackal misses you.
You barely miss the jackal.
The jackal is moderately wounded.
The jackal barely misses you. x2
You hit the jackal.
The jackal is severely wounded.
The jackal bites you.
* * * LOW HITPOINT WARNING * * *
Casting: Shock (safe; 11% risk of failure)
Confirm with . or Enter, or press ? or * to list all spells.
Aiming: Shock (safe; 11% risk of failure)
Press: ? - help, Shift-Dir - straight line The zap hits the jackal.
The jackal is almost dead.
The zap hits the jackal.
The jackal is moderately wounded.
The zap hits the jackal.
The jackal is heavily wounded.
The jackal barely misses you. The jackal misses you.
You closely miss the jackal.
The jackal is almost dead.
The jackal bites you.
* * * LOW HITPOINT WARNING * * *
You hit the jackal.
You kill the jackal!
The jackal bites you.
You die...

.# #
####.#..)...).....#
#.#. ..#.
#........########.#
... ...# #.##.#...#
#.########.#
.#.###†##.#...#
#..........#
.....†....#...#
#########)..
...h..........#
#.#.
.....#h###......
#.#. .....#b#
#.#..####
#######.#. .....#.#
#....hh@#
..........
....##.######..###
######.#.
....##..)......#
#+# #.#.
.#..##########.#
#.# #... ##..#
#.###'## ##..
#######...### #..
#.'.'.'.<.'.+ #..
#.#####...### #.÷
#.##..##'## #..


You could see 2 jackals.

Vanquished Creatures
  A bat (D:1)
  A giant cockroach (D:1)
  3 goblins (D:1)
  A hobgoblin (D:1)
  A jackal (D:1)
  5 kobolds (D:1)
  A quokka (D:1)
  A ball python (D:1)
  3 rats (D:1)
17 creatures vanquished.

Notes
Turn   | Place    | Note
-------+----------+-------------------------------------------
     0 | D:1      | croobank the Hill Orc Air Elementalist began the quest for
                  | the Orb.
     0 | D:1      | Reached XP level 1. HP: 14/14 MP: 3/3
   139 | D:1      | Found a faded altar of an unknown god.
   152 | D:1      | Got Plato's Volume of Calling
   403 | D:1      | Reached XP level 2. HP: 3/20 MP: 1/4
   782 | D:1      | HP: 1/20 [jackal (2)]
   783 | D:1      | Slain by a jackal

Illustrated notes

Levels and vault maps discovered:
D:1:      minmay_arrival_doors, layout_loops_ring,
          shapermc_ecumenical_altar_rom_forum

Action                   || total
-------------------------++-------
Melee: Short sword       ||    61
 Cast: Shock             ||    16
  Use: Potion            ||     2
       Scroll            ||     1
 Stab: Sleeping          ||     1
Armor: Robe              ||    10
Dodge: Dodged            ||    52

Table legend: (Time is in decaauts)
 A = Elapsed time spent in this place.
 B = Non-inter-level travel time spent in this place.
 C = Inter-level travel time spent in this place.
 D = Time resting spent in this place.
 E = Time spent auto-exploring this place.
 F = Levels seen in this place.
 G = Mean time per level.
                   A        B        C        D        E       F      G
               +--------+--------+--------+--------+--------+-----+--------+
         Total |    769 |    769 |      0 |    337 |    210 |   1 |  769.0 |
       Dungeon |    769 |    769 |      0 |    337 |    210 |   1 |  769.0 |
               +--------+--------+--------+--------+--------+-----+--------+

Top non-repeatable levels by time:
     D:1: 769 daAuts
